 Dungeon Crawl Stone Soup version 0.29-a0-838-g385bb11a5b (webtiles) character file.

Game seed: 7334802132674597939

193 HoaS the Shooter (level 5, -13/30 HPs)
             Began as a Tengu Hunter on July 13, 2022.
             Killed from afar by Natasha (21 damage)
             ... with a bolt of dispelling energy
             ... on level 3 of the Dungeon.
             The game lasted 00:04:33 (3092 turns).

HoaS the Shooter (Tengu Hunter)                     Turns: 3092, Time: 00:04:34

Health: -13/30     AC:  3    Str: 17    XL:     5   Next: 72%
Magic:  6/6        EV: 15    Int:  9    God:
Gold:   114        SH:  0    Dex: 20    Spells: 4/4 levels left

rFire   . . .      SeeInvis .   a - +0 shortbow
rCold   . . .      Faith    .   (shield currently unavailable)
rNeg    . . .      Spirit   .   c - +0 leather armour
rPois   .          Reflect  .   (helmet restricted)
rElec   .          Harm     .   (no cloak)
rCorr   +          Rampage  .   (no gloves)
Will    .....                   (boots unavailable)
Stlth   ++........              (no amulet)
HPRegen 0.10/turn               f - ring of resist corrosion
MPRegen 0.10/turn               k - +6 ring of strength

@: flying quickly and evasively, slowed, very slow
A: beak, talons 3, nimble flight
a: no special abilities


You were on level 3 of the Dungeon.
You visited 1 branch of the dungeon, and saw 3 of its levels.

You collected 114 gold pieces.

Inventory:

Hand Weapons
 a - a +0 shortbow (weapon)
Armour
 c - a +0 leather armour (worn)
Jewellery
 f - a ring of resist corrosion (left hand)
 k - a +6 ring of strength (right hand)
Scrolls
 b - 3 scrolls of immolation
 e - 2 scrolls of identify
 i - a scroll of brand weapon {unknown}
Potions
 d - 3 potions of curing
 h - a potion of lignification {unknown}
 j - a potion of might
 l - a potion of attraction {unknown}


   Skills:
 - Level 2.0 Fighting
 + Level 7.4 Ranged Weapons
 - Level 2.1 Dodging
 - Level 1.0 Stealth


You had 4 spell levels left.
You didn't know any spells.
Your spell library contained the following spells:

 Spells                   Type           Power      Damage    Failure   Level
 Magic Dart               Conj           0%         1d3       45%         1
 Call Imp                 Summ           0%         N/A       58%         2
 Mephitic Cloud           Conj/Pois/Air  0%         N/A       83%         3


Dungeon Overview and Level Annotations

Branches:
Dungeon (3/15)

Altars:
Sif Muna

Annotations:
D:3 Natasha


Innate Abilities, Weirdness & Mutations

You have a beak for a mouth.
You have claws for feet.
Your magical nature lets you fly swiftly and evasively.


Message History

Natasha zaps a wand.
The bolt of dispelling energy hits you!
You shoot an arrow. The arrow hits Natasha!
You kill Natasha!
Natasha screams in fury as she dies!
No target in view!
No target in view!
You start resting.
HP restored.
Found a stone staircase leading up.
You see here the felid corpse of Natasha.
You see here a +0 robe.
Natasha and a gnoll come into view.
Natasha is carrying a wand of quicksilver (5).
You shoot an arrow. The arrow hits Natasha!
Natasha is heavily wounded.
The gnoll shouts!
You shoot an arrow. The arrow hits Natasha.
Natasha is severely wounded.
You shoot an arrow. The arrow barely misses Natasha.
A gnoll comes into view. It is wielding a +0 flail.
Natasha howls an incantation.
Natasha glows brightly for a moment.
Natasha zaps a wand.
The bolt of dispelling energy hits you!!
Ouch! That really hurt!
* * * LOW HITPOINT WARNING * * *
You are too injured to fight recklessly!
You are too injured to fight recklessly!
You are too injured to fight recklessly!
Okay, then.
As you read the scroll of teleportation, it crumbles to dust.
You feel strangely unstable. Natasha casts a spell at you.
You feel yourself slow down.
Natasha zaps a wand.
The bolt of dispelling energy hits you!!
You feel strangely stable.
Your magical effects are unravelling.
Ouch! That really hurt!
You die...

#..........#.##.
#####.....#.#.####.
#.....##.#....#.
#....#.##......##
#...#.#..........
#...##...........
##.#.............
#...[..h.รท......
####.#.@.g......
#.#......g...
#.######.###. #.#
.# #.# # #.# #.#
####### #.# ..#...#
#.#


You could see Natasha and 2 gnolls.

Vanquished Creatures
  An orc priest (D:3)
  Jessica (D:2)
  An iguana (D:3)
  Natasha (D:3)
  2 worms
  2 dart slugs (D:1)
  3 orcs
  3 ball pythons
  5 endoplasms
  3 giant cockroaches (D:1)
  6 goblins
  9 hobgoblins
  5 jackals
  7 kobolds
  4 quokkas
  5 bats
  8 frilled lizards
  6 rats
72 creatures vanquished.

Vanquished Creatures (others)
  3 plants (D:2)
3 creatures vanquished.

Grand Total: 75 creatures vanquished

Notes
Turn   | Place    | Note
-------+----------+-------------------------------------------
     0 | D:1      | HoaS the Tengu Hunter began the quest for the Orb.
     0 | D:1      | Reached XP level 1. HP: 12/12 MP: 2/2
    34 | D:1      | Reached XP level 2. HP: 17/17 MP: 3/3
    50 | D:1      | Reached skill level 5 in Ranged Weapons
   284 | D:1      | Reached XP level 3. HP: 21/21 MP: 4/4
   999 | D:2      | Noticed Jessica
  1002 | D:2      | Killed Jessica
  1003 | D:2      | Reached skill level 6 in Ranged Weapons
  1003 | D:2      | Reached XP level 4. HP: 26/26 MP: 5/5
  1196 | D:2      | Found a shimmering blue altar of Sif Muna.
  2110 | D:2      | HP: 1/26 [orc/+0 dagger (1)]
  2424 | D:3      | Gained mutation: Your magical nature lets you fly swiftly
                  | and evasively. [Tengu growth]
  2424 | D:3      | Reached XP level 5. HP: 24/30 MP: 6/6
  2531 | D:3      | Reached skill level 7 in Ranged Weapons
  2658 | D:3      | Found a faded altar of an unknown god.
  2795 | D:3      | Noticed Natasha
  2801 | D:3      | Killed Natasha
  3087 | D:3      | Noticed Natasha
  3092 | D:3      | Killed from afar by Natasha

Illustrated notes

Levels and vault maps discovered:
D:1:      dpeg_arrival_rooms_with_view, layout_rooms, serial_bayou,
          serial_bayou_crossing, serial_bayou_pond_c, serial_bayou_shore_b,
          serial_bayou_shore_a, serial_bayou_pond_e, serial_bayou_pond_d
D:2:      layout_basic, basic_altar, guppyfry_early_lair_pool, uniq_jessica
D:3:      layout_basic, dreamdust_ecumenical_altar_grove,
          minmay_misc_feat_secret_circle, minmay_diced_spiral, uniq_natasha

Skill      XL: |  1  2  3  4  5 |
---------------+----------------+-----
Ranged Weapons | 5 6 7 |  7.4
Fighting       | |  2.0
Dodging        | |  2.1
Stealth        | |  1.0

Action                   |  1- 3 |  4- 6 || total
-------------------------+-------+-------++-------
 Fire: Shortbow          |    82 |   103 ||   185
  Use: Scroll            |     2 |     3 ||     5
       Potion            |       |     1 ||     1
Armor: Leather armour    |     3 |    10 ||    13
Dodge: Dodged            |    14 |    28 ||    42

Table legend: (Time is in decaauts)
 A = Elapsed time spent in this place.
 B = Non-inter-level travel time spent in this place.
 C = Inter-level travel time spent in this place.
 D = Time resting spent in this place.
 E = Time spent auto-exploring this place.
 F = Levels seen in this place.
 G = Mean time per level.
                   A        B        C        D        E       F      G
               +--------+--------+--------+--------+--------+-----+--------+
         Total |   3133 |   3068 |     65 |   1110 |   1583 |   3 | 1044.3 |
       Dungeon |   3133 |   3068 |     65 |   1110 |   1583 |   3 | 1044.3 |
               +--------+--------+--------+--------+--------+-----+--------+

Top non-repeatable levels by time:
     D:2: 1398 daAuts
     D:1: 988 daAuts
     D:3: 746 daAuts
